 Dungeon Crawl Stone Soup version 0.30.0-29-ga12c61a403 (webtiles) character file.

Game seed: 536313220716557321

230 cheesebisquit the Ruffian (level 5, -1/53 HPs)
             Began as a Troll Fighter on June 14, 2023.
             Slain by a gnoll
             ... wielding a +0 spear
             ... led by a gnoll bouda
              (7 damage)
             ... on level 4 of the Dungeon.
             The game lasted 00:06:24 (2759 turns).

cheesebisquit the Ruffian (Troll Fighter)           Turns: 2759, Time: 00:06:25

Health: -1/53      AC:  4    Str: 23    XL:     5   Next: 72%
Magic:  0/4        EV:  1    Int:  5    God:
Gold:   175        SH:  0    Dex: 13    Spells: 4/4 levels left

rFire   + .          .
                       - Unarmed
rCold   + . .        b - +0 kite shield
rNeg    . . .        a - +0 robe
rPois   +            (helmet restricted)
rElec   +            (no cloak)
rCorr   +            (gloves unavailable)
SInv    .            (boots unavailable)
Will    ++...        l - amulet of guardian spirit
Stlth   +            r - ring of willpower
HPRegen 1.08/turn    (no ring)
MPRegen 0.09/turn

%: guardian spirit
@: resistant, sleeping, flying
A: large, unfitting armour, claws 3, regeneration 1, shaggy fur 1, tough skin 1,
talons 1, agile 1, strong-willed 1, electricity resistance
a: no special abilities


You were on level 4 of the Dungeon.
You visited 1 branch of the dungeon, and saw 4 of its levels.

You collected 175 gold pieces.

Inventory:

Missiles
 e - 4 poisoned darts (quivered)
Armour
 a - a +0 robe (worn)
 b - a +0 kite shield (worn)
Jewellery
 l - an amulet of guardian spirit (around neck)
 r - a ring of willpower (left claw)
Scrolls
 f - a scroll of fear {unknown}
 g - 2 scrolls of blinking {unknown}
 i - a scroll of immolation {unknown}
 n - 3 scrolls of identify {unknown}
 p - a scroll of silence {unknown}
 q - a scroll of teleportation {unknown}
 s - 2 scrolls of vulnerability {unknown}
 u - a scroll of enchant armour {unknown}
 v - 3 scrolls of magic mapping {unknown}
 w - 2 scrolls of enchant weapon {unknown}
 x - a scroll of torment {unknown}
 y - 3 scrolls of amnesia {unknown}
Potions
 d - 3 potions of mutation
 h - a potion of haste {unknown}
 j - a potion of brilliance {unknown}
 k - 2 potions of curing
 m - a potion of flight
 o - a potion of lignification {unknown}
 t - 2 potions of resistance
 z - a potion of magic {unknown}


   Skills:
 + Level 3.3 Fighting
 - Level 2.4 Dodging
 + Level 3.7 Shields
 * Level 4.5 Unarmed Combat


You had 4 spell levels left.
You didn't know any spells.
Your spell library contained the following spells:

 Spells                   Type           Power      Damage    Failure   Level
 Shock                    Conj/Air       0%         1d3       75%         1
 Static Discharge         Conj/Air       0%         2-2/arc   87%         2
 Swiftness                Air            0%         N/A       98%         3
 Airstrike                Air            0%         2d(0-16)  100%        4
 Summon Lightning Spire   Summ/Air       0%         N/A       100%        4


Dungeon Overview and Level Annotations

Branches:
Dungeon (4/15)
 Temple: D:4-7

Altars:
Zin

Annotations:
D:3 1 runed translucent door, Crazy Yiuf


Innate Abilities, Weirdness & Mutations

You are too large for most types of armour.
You have claws for hands.
Your natural rate of healing is unusually fast.
You are covered in fur. (AC +1)
You have tough skin. (AC +1)
You have sharp toenails.
You are agile. (Dex +4, Str/Int -1)
You are strong-willed. (Will+)
You are resistant to electric shocks. (rElec)


Message History

The gnoll hits you from afar with a +0 spear.
* * * LOW HITPOINT WARNING * * *
The gnoll hits you with a +0 club.
* * * LOW HITPOINT WARNING * * *
It was a potion of mutation.
You feel extremely strange.
Your toenails lengthen and sharpen.
You feel strong-willed.
You feel agile.
You feel insulated.
The kobold shouts!
You block the gnoll's attack. The gnoll closely misses you.
It was a potion of curing.
You feel better.
The gnoll hits you from afar with a +0 spear.
* * * LOW HITPOINT WARNING * * *
The gnoll barely misses you.
It was a potion of flight.
You feel very buoyant.
You fly up into the air.
The gnoll hits you from afar with a +0 spear.
* * * LOW HITPOINT WARNING * * *
You block the gnoll's attack.
It was a potion of resistance.
You feel protected.
The gnoll hits you from afar with a +0 spear.
* * * LOW HITPOINT WARNING * * *
The gnoll misses you.
You claw the gnoll!
You kill the gnoll!
You block the gnoll's attack.
You scratch the sleepcap but do no damage.
You claw the sleepcap.
The sleepcap is lightly damaged.
The sleepcap releases spores at you but does no damage.
You block the gnoll's attack.
You scratch the sleepcap but do no damage.
The sleepcap is lightly damaged.
The sleepcap releases spores at you.
* * * LOW HITPOINT WARNING * * *
You are engulfed in a cloud of soporific spores!
You fall asleep.
The gnoll hits you from afar with a +0 spear!
You die...

######### ###
#.......#####.....
#....).@fg...# #
#.##.####K....#
... #.##.##.#
...## #..
#.......# .... #.#
####.#### # ###
#.# #.# #. #.#.
#.# ##'# #.#. #.#
##...## #.## #.#
##.....#######.##


You could see a sleepcap, a gnoll and a kobold.

Vanquished Creatures
  2 gnoll boudas (D:4)
  An iguana (D:3)
  8 gnolls (D:4)
  2 adders (D:4)
  An ufetubus (D:4)
  An orc (D:3)
  3 ball pythons
  5 bats
  10 endoplasms
  2 giant cockroaches
  3 hobgoblins
  4 kobolds (D:1)
  3 quokkas
  A frilled lizard (D:3)
  4 goblins
  3 rats (D:1)
53 creatures vanquished.

Notes
Turn   | Place    | Note
-------+----------+-------------------------------------------
     0 | D:1      | cheesebisquit the Troll Fighter began the quest for the
                  | Orb.
     0 | D:1      | Reached XP level 1. HP: 22/22 MP: 0/0
   388 | D:1      | Reached XP level 2. HP: 24/29 MP: 1/1
  1304 | D:2      | Found a glowing silver altar of Zin.
  1683 | D:3      | Reached skill level 3 in Unarmed Combat
  1683 | D:3      | Reached XP level 3. HP: 33/36 MP: 2/2
  1931 | D:3      | Found a runed translucent door.
  1932 | D:3      | Noticed Crazy Yiuf
  2303 | D:4      | Reached XP level 4. HP: 43/44 MP: 3/3
  2409 | D:4      | Reached skill level 4 in Unarmed Combat
  2409 | D:4      | Reached XP level 5. HP: 48/53 MP: 2/4
  2753 | D:4      | Gained mutation: You have sharp toenails. [potion of
                  | mutation]
  2753 | D:4      | Gained mutation: You are strong-willed. (Will+) [potion of
                  | mutation]
  2753 | D:4      | Gained mutation: You are agile. (Dex +4, Str/Int -1)
                  | [potion of mutation]
  2753 | D:4      | Gained mutation: You are resistant to electric shocks.
                  | (rElec) [potion of mutation]
  2759 | D:4      | Slain by a gnoll

Illustrated notes

Levels and vault maps discovered:
D:1:      mrwooster_arrival_arrow, layout_basic, nrook_loot_triangle,
          st_stairs_9, chequers_hall_statues_corner_a
D:2:      layout_loops_corners, basic_altar
D:3:      layout_basic, uniq_crazy_yiuf_cottage
D:4:      layout_loops_corners

Skill      XL: |  1  2  3  4 |
---------------+-------------+-----
Shields        | 3 |  3.7
Unarmed Combat | 3 4 |  4.5
Fighting       | 3 |  3.3
Dodging        | |  2.4

Action                     |  1- 3 |  4- 6 || total
---------------------------+-------+-------++-------
  Melee: Unarmed           |    75 |    45 ||   120
         Kick              |       |     1 ||     1
  Throw: Dart              |     1 |       ||     1
    Use: Potion            |       |     5 ||     5
   Stab: Sleeping          |     2 |       ||     2
 Armour: Robe              |    27 |    10 ||    37
  Dodge: Dodged            |    22 |    14 ||    36
  Block: Kite shield       |    20 |    23 ||    43
